 Dungeon Crawl Stone Soup version 0.16-a0-3159-ge6ac362 (webtiles) character file.

24 Sierraleon100 the Firebug (level 2, 0/20 HPs)
             Began as a Salamander Fire Elementalist on May 20, 2015.
             Slain by a jackal (2 damage)
             ... on level 1 of the Dungeon.
             The game lasted 00:03:55 (870 turns).

Sierraleon100 the Firebug (SaFE)                     Turns: 870, Time: 00:03:55

Health: 0/20       AC:  4    Str:  7    XL:     2   Next: 79%
Magic:  1/6        EV: 12    Int: 15    God:
Gold:   11         SH:  0    Dex: 14    Spells: 2 memorised, 3 levels left

rFire  . . .     SeeInvis .     (no weapon)
rCold  x . .     Clarity  .     a - +0 robe
rNeg   . . .     SustAb   .     (no shield)
rPois  .         Gourm    .     (no helmet)
rElec  .         Spirit   .     (no cloak)
rCorr  .         Warding  .     (no gloves)
rMut   .         Stasis   .     (no barding)
MR     .....                    (no amulet)
Stlth  ++........               (no ring)
                                (no ring)

@: very slow, not resistant to hostile enchantments, unstealthy
A: fiery attack, slowness 2, tough skin 2, cold vulnerability 1
a: no special abilities


You were on level 1 of the Dungeon.
You were not hungry.

You visited 1 branch of the dungeon, and saw 1 of its levels.

You collected 11 gold pieces.

Inventory:

Armour
 a - a +0 robe (worn)
 g - a +0 centaur barding
 h - a +3 ring mail
Scrolls
 e - a scroll of enchant armour {unknown}
Books
 b - a book of Flames

   Spells                             Type                      Level
   a - Flame Tongue                   Conjuration/Fire             1
   b - Throw Flame                    Conjuration/Fire             2
   c - Conjure Flame                  Conjuration/Fire             3
   d - Inner Flame                    Hexes/Fire                   3
   e - Sticky Flame                   Conjuration/Fire             4
   f - Fireball                       Conjuration/Fire             5
Comestibles
 c - a bread ration
 d - a meat ration
 f - a beef jerky
 i - a slice of pizza
 j - a royal jelly


   Skills:
 + Level 2.2 Dodging
 + Level 2.5 Stealth
 + Level 2.5 Spellcasting
 + Level 1.2 Conjurations
 + Level 4.7 Fire Magic


You had 3 spell levels left.
You knew the following spells:

 Your Spells              Type           Power        Failure   Level  Hunger
a - Flame Tongue          Conj/Fire      ##...        8%          1    #......
b - Throw Flame           Conj/Fire      ##....       12%         2    ###....


Dungeon Overview and Level Annotations

Branches:
Dungeon (1/15)

Altars:


Innate Abilities, Weirdness & Mutations

Your melee attacks set your foes ablaze.
You cannot wear boots.
You cover ground very slowly.
You have very tough skin (AC +2).
You are vulnerable to cold.


Message History

* * * LOW HITPOINT WARNING * * *
The jackal bites you.
* * * LOW HITPOINT WARNING * * *
The jackal completely misses you. The jackal barely misses you.
The jackal bites you but does no damage.
The jackal closely misses you. The jackal completely misses you.
There is an open door here.
You see here a jackal corpse.
Casting: Flame Tongue
Confirm with . or Enter, or press ? or * to list all spells.
Aiming: Flame Tongue
Press: ? - help, Shift-Dir - straight line, f - jackal
Aim: a jackal The flame tongue hits the jackal.
The jackal is heavily wounded.
The jackal completely misses you. The jackal bites you.
* * * LOW HITPOINT WARNING * * *
The jackal closely misses you. The jackal bites you.
You die...

###.##..####..#...#..............
....#..###..#.#...#..#.#########.
####).##....#'#####..#'## ##
##.####......#........# #
###..##.#.#....'........# ####
.#..###........#........######...
.#.##..#...##'#####..#..........†
...##.......#.#...#..#########...
..###.#..##.#.†h@.#..# #... ..#
##..#.###.#h..#..####### #...
..####....##..#...#†.......# #...
..#..#..#..##'#####..####### #...
..##...##...#..#.....# #...
..'......#.....'.....# ##..
.)#....###..#..#....## #..
..##.#.##...#+#####.# ####.
..####..#.##..#...#.# #....


You could see 2 jackals.

Vanquished Creatures
  A giant gecko (D:1)
  4 bats (D:1)
  3 hobgoblins (D:1)
  2 jackals (D:1)
  3 giant newts (D:1)
  2 goblins (D:1)
  3 kobolds (D:1)
  4 rats (D:1)
22 creatures vanquished.

Notes
Turn   | Place    | Note
--------------------------------------------------------------
     0 | D:1      | Sierraleon100, the Salamander Fire Elementalist, began the quest for the Orb.
     0 | D:1      | Reached XP level 1. HP: 14/14 MP: 3/3
   191 | D:1      | Reached XP level 2. HP: 20/20 MP: 1/5
   461 | D:1      | Learned a level 2 spell: Throw Flame
   869 | D:1      | HP: 1/20 [jackal (1)]
   870 | D:1      | Slain by a jackal

Action                   || total
-------------------------++-------
Melee: Unarmed           ||    21
 Cast: Flame Tongue      ||    29
